TOP OF THE 1ST |
---|
Montgomery Grey Sox batting - Pitching for Savannah Hogs : RHP John Allen | Pitching: RHP John Allen | | Batting: LHB Salvador López | 0-0: Ball 1-0: Fly out, F7 (Flyball, 78S) | Batting: LHB Amlak Saitoti | 0-0: Ball 1-0: Bunt for hit - play at first, batter safe! | Batting: RHB Pedro Castro | 0-0: Ball 1-0: Foul Ball, location: 2F 1-1: Ball Amlak Saitoti steals 2nd base 2-1: Called Strike 2-2: Foul Ball, location: 2F 2-2: DOUBLE (Flyball, 7LD) Amlak Saitoti scores | Batting: SHB Randy Anderson | 0-0: Called Strike 0-1: Foul Ball, location: 2F 0-2: Ball 1-2: Strikes out looking | Batting: RHB Glen MacDonald | 0-0: Ball 1-0: Swinging Strike 1-1: Ball Wild Pitch! Pedro Castro to third 2-1: Ball 3-1: Called Strike 3-2: Base on Balls | Batting: LHB Francisco Romo | 0-0: Called Strike 0-1: Ball 1-1: SINGLE (Flyball, 89S) Pedro Castro scores Glen MacDonald to second Runner from 2nd tries for 3rd, SAFE, throw made to third | Batting: RHB Bobby Hulsey | 0-0: Called Strike 0-1: Ball 1-1: DOUBLE (Line Drive, 7LD) Glen MacDonald scores Francisco Romo to third Runner from 3rd tries for Home, SAFE, no throw | Batting: LHB Aaron Thompson | 0-0: Ball 1-0: Foul Ball, location: 2F 1-1: Ball 2-1: Ball 3-1: Base on Balls | Batting: RHB António Nevárez | 0-0: Foul Ball, location: 2F 0-1: Ball 1-1: Ball 2-1: Swinging Strike 2-2: Strikes out swinging | Top of the 1st over - 4 runs, 4 hits, 0 errors, 2 left on base; Montgomery 4 - Savannah 0 | BOTTOM OF THE 1ST |
---|
Savannah Hogs batting - Pitching for Montgomery Grey Sox : LHP Raúl Coranillo | Pitching: LHP Raúl Coranillo | | Batting: RHB Ramón Gómez | 0-0: Called Strike 0-1: Ball 1-1: Ball 2-1: Foul Ball, location: 2F 2-2: Strikes out looking | Batting: RHB Pedro Zavala | 0-0: Foul Ball, location: 2F 0-1: Called Strike 0-2: Ball 1-2: Strikes out swinging | Batting: SHB Juan Soriano | 0-0: Ball 1-0: Ball 2-0: Called Strike 2-1: Foul Ball, location: 2F 2-2: Ground out 6-3 (Groundball, 6) | Bottom of the 1st over - 0 runs, 0 hits, 0 errors, 0 left on base; Montgomery 4 - Savannah 0 | TOP OF THE 2ND |
---|
Montgomery Grey Sox batting - Pitching for Savannah Hogs : RHP John Allen | Batting: LHB Salvador López | 0-0: Ball 1-0: Ball 2-0: Called Strike 2-1: Swinging Strike 2-2: Strikes out looking | Batting: LHB Amlak Saitoti | 0-0: Ball 1-0: Called Strike 1-1: Called Strike 1-2: Foul Ball, location: 2F 1-2: DOUBLE (Line Drive, 89D) | Batting: RHB Pedro Castro | 0-0: Called Strike 0-1: Ball 1-1: Foul Ball, location: 2F 1-2: Strikes out swinging | Batting: SHB Randy Anderson | 0-0: Ground out 4-3 (Groundball, 4) | Top of the 2nd over - 0 runs, 1 hit, 0 errors, 1 left on base; Montgomery 4 - Savannah 0 | BOTTOM OF THE 2ND |
---|
Savannah Hogs batting - Pitching for Montgomery Grey Sox : LHP Raúl Coranillo | Batting: RHB Guillermo González | 0-0: Called Strike 0-1: Swinging Strike 0-2: Strikes out swinging | Batting: RHB José Ramos | 0-0: Ball 1-0: Foul Ball, location: 2F 1-1: SINGLE (Groundball, 56D) | Batting: RHB Rick Holman | 0-0: Called Strike 0-1: Fly out, F7 (Flyball, 78M) | Batting: RHB Jorge Chávez | 0-0: Ball 1-0: Ball 2-0: Fly out, F4 (Flyball, 3D) | Bottom of the 2nd over - 0 runs, 1 hit, 0 errors, 1 left on base; Montgomery 4 - Savannah 0 | TOP OF THE 3RD |
---|
Montgomery Grey Sox batting - Pitching for Savannah Hogs : RHP John Allen | Batting: RHB Glen MacDonald | 0-0: Ball 1-0: Ball 2-0: Ball 3-0: Base on Balls | Batting: LHB Francisco Romo | 0-0: Swinging Strike 0-1: Called Strike 0-2: Foul Ball, location: 2F 0-2: Strikes out swinging | Batting: RHB Bobby Hulsey | 0-0: Swinging Strike 0-1: Swinging Strike 0-2: Strikes out swinging | Batting: LHB Aaron Thompson | 0-0: Foul Ball, location: 2F 0-1: Called Strike 0-2: Ball 1-2: Foul Ball, location: 2F 1-2: Foul Ball, location: 2F 1-2: Ground out 4-3 (Groundball, 4) | Top of the 3rd over - 0 runs, 0 hits, 0 errors, 1 left on base; Montgomery 4 - Savannah 0 | BOTTOM OF THE 3RD |
---|
Savannah Hogs batting - Pitching for Montgomery Grey Sox : LHP Raúl Coranillo | Batting: RHB Pedro Sandoval | 0-0: Ground out 5-3 (Groundball, 56S) | Batting: RHB Júlio Contreras | 0-0: DOUBLE (Line Drive, 7LS) | Batting: RHB Ramón Gómez | 0-0: Ball 1-0: SINGLE (Line Drive, 6D) Júlio Contreras to third | Batting: RHB Pedro Zavala | 0-0: Ball 1-0: Ball 2-0: Ball 3-0: Base on Balls Ramón Gómez to second | Batting: SHB Juan Soriano | 0-0: SINGLE (Line Drive, 56D) Júlio Contreras scores Ramón Gómez to third Pedro Zavala to second | Batting: RHB Guillermo González | 0-0: Fly out, F4 (Line Drive, 4M) | Batting: RHB José Ramos | 0-0: Called Strike 0-1: Foul Ball, location: 2F 0-2: Strikes out looking | Bottom of the 3rd over - 1 run, 3 hits, 0 errors, 3 left on base; Montgomery 4 - Savannah 1 | TOP OF THE 4TH |
---|
Montgomery Grey Sox batting - Pitching for Savannah Hogs : RHP John Allen | Batting: RHB António Nevárez | 0-0: Ball 1-0: Ball 2-0: Foul Ball, location: 2F 2-1: Ball 3-1: Swinging Strike 3-2: Strikes out looking | Batting: LHB Salvador López | 0-0: Ball 1-0: Ball 2-0: Called Strike 2-1: Ball 3-1: SINGLE (Flyball, 9S) | Batting: LHB Amlak Saitoti | 0-0: Ball 1-0: Grounds into double play, 4-6-3 (Groundball, 4M) | Top of the 4th over - 0 runs, 1 hit, 0 errors, 0 left on base; Montgomery 4 - Savannah 1 | BOTTOM OF THE 4TH |
---|
Savannah Hogs batting - Pitching for Montgomery Grey Sox : LHP Raúl Coranillo | Batting: RHB Rick Holman | 0-0: Ball 1-0: Ball 2-0: Fly out, F2 (Popup, 25F) | Batting: RHB Jorge Chávez | 0-0: Ball 1-0: Called Strike 1-1: Ball 2-1: DOUBLE (Groundball, 5L) | Batting: RHB Pedro Sandoval | 0-0: Fly out, F7 (Line Drive, 7) | Batting: RHB Júlio Contreras | 0-0: Reached on error, E3 (Groundball, 34) Jorge Chávez to third | Batting: RHB Ramón Gómez | 0-0: Called Strike 0-1: Ball 1-1: Fielders Choice at 2nd, 5-4 (Groundball, 56) | Bottom of the 4th over - 0 runs, 1 hit, 1 error, 2 left on base; Montgomery 4 - Savannah 1 | TOP OF THE 5TH |
---|
Montgomery Grey Sox batting - Pitching for Savannah Hogs : RHP John Allen | Batting: RHB Pedro Castro | 0-0: Ball 1-0: Ball 2-0: Ball 3-0: Base on Balls | Batting: SHB Randy Anderson | 0-0: Ball 1-0: Fly out, F7 (Flyball, 7LD) | Batting: RHB Glen MacDonald | 0-0: Ball 1-0: Ball 2-0: Swinging Strike 2-1: Ball 3-1: SINGLE (Popup, 5L) Pedro Castro to second | Batting: LHB Francisco Romo | 0-0: Ball 1-0: Ball 2-0: Ball 3-0: Called Strike 3-1: Swinging Strike 3-2: Grounds into double play, 6-4-3 (Groundball, 6) | Top of the 5th over - 0 runs, 1 hit, 0 errors, 1 left on base; Montgomery 4 - Savannah 1 | BOTTOM OF THE 5TH |
---|
Savannah Hogs batting - Pitching for Montgomery Grey Sox : LHP Raúl Coranillo | Batting: RHB Pedro Zavala | 0-0: Ball 1-0: Foul Ball, location: 2F 1-1: Foul Ball, location: 2F 1-2: Strikes out swinging | Batting: SHB Juan Soriano | 0-0: Ball 1-0: Swinging Strike 1-1: Ball 2-1: Fly out, F9 (Flyball, 9D) | Batting: RHB Guillermo González | 0-0: Ball 1-0: Fly out, F9 (Flyball, 9) | Bottom of the 5th over - 0 runs, 0 hits, 0 errors, 0 left on base; Montgomery 4 - Savannah 1 | TOP OF THE 6TH |
---|
Montgomery Grey Sox batting - Pitching for Savannah Hogs : RHP John Allen | Batting: RHB Bobby Hulsey | 0-0: Ball 1-0: Ground out 4-3 (Groundball, 4) | Batting: LHB Aaron Thompson | 0-0: Foul Ball, location: 2F 0-1: Foul Ball, location: 2F 0-2: Strikes out swinging | Batting: RHB António Nevárez | 0-0: Ball 1-0: Foul Ball, location: 2F 1-1: Foul Ball, location: 2F 1-2: Strikes out swinging | Top of the 6th over - 0 runs, 0 hits, 0 errors, 0 left on base; Montgomery 4 - Savannah 1 | BOTTOM OF THE 6TH |
---|
Savannah Hogs batting - Pitching for Montgomery Grey Sox : LHP Raúl Coranillo | Batting: RHB José Ramos | 0-0: Called Strike 0-1: Swinging Strike 0-2: Ball 1-2: Strikes out looking | Batting: RHB Rick Holman | 0-0: Foul Ball, location: 2F 0-1: Ball 1-1: Foul Ball, location: 2F 1-2: Ball 2-2: Ball 3-2: Base on Balls | Batting: RHB Jorge Chávez | 0-0: Ball 1-0: Ball 2-0: Ball 3-0: Called Strike 3-1: Base on Balls Rick Holman to second | Batting: RHB Pedro Sandoval | 0-0: Ball 1-0: Ball 2-0: Foul Ball, location: 2F 2-1: Called Strike Rick Holman steals 3rd base Jorge Chávez to second 2-2: Ball 3-2: Foul Ball, location: 2F 3-2: Fly out, F7 (Flyball, 7D) Runner from 3rd tags up, SCORES, no throw Jorge Chávez to third | Batting: RHB Júlio Contreras | 0-0: Fly out, F4 (Line Drive, 4) | Bottom of the 6th over - 1 run, 0 hits, 0 errors, 1 left on base; Montgomery 4 - Savannah 2 | TOP OF THE 7TH |
---|
Montgomery Grey Sox batting - Pitching for Savannah Hogs : RHP John Allen | Pitching: RHP William Gallegos | | Batting: LHB Salvador López | 0-0: Ball 1-0: Ball 2-0: Ball 3-0: Called Strike 3-1: Called Strike 3-2: Fly out, F8 (Flyball, 8RD) | Batting: LHB Amlak Saitoti | 0-0: Ball 1-0: Foul Ball, location: 2F 1-1: Foul Ball, location: 2F 1-2: Foul Ball, location: 2F 1-2: Ball 2-2: Foul Ball, location: 2F 2-2: Ball 3-2: Ground out 6-3 (Groundball, 6S) | Batting: RHB Pedro Castro | 0-0: Called Strike 0-1: Foul Ball, location: 2F 0-2: Ball 1-2: Ball 2-2: DOUBLE (Flyball, 8LXD) | Batting: SHB Randy Anderson | 0-0: Called Strike 0-1: Ball 1-1: Foul Ball, location: 2F 1-2: Strikes out looking | Top of the 7th over - 0 runs, 1 hit, 0 errors, 1 left on base; Montgomery 4 - Savannah 2 | BOTTOM OF THE 7TH |
---|
Savannah Hogs batting - Pitching for Montgomery Grey Sox : LHP Raúl Coranillo | Batting: RHB Ramón Gómez | 0-0: Fly out, F7 (Flyball, 7) | Batting: RHB Pedro Zavala | 0-0: Ball 1-0: Ball 2-0: Foul Ball, location: 2F 2-1: SINGLE (Groundball, 56D) | Batting: SHB Juan Soriano | 0-0: Fly out, F8 (Line Drive, 8LD) | Batting: RHB Guillermo González | 0-0: Called Strike 0-1: Ball 1-1: SINGLE (Line Drive, 8LS) Pedro Zavala to second | Batting: RHB José Ramos | 0-0: Called Strike 0-1: Ball 1-1: Foul Ball, location: 2F 1-2: Strikes out looking | Bottom of the 7th over - 0 runs, 2 hits, 0 errors, 2 left on base; Montgomery 4 - Savannah 2 | TOP OF THE 8TH |
---|
Montgomery Grey Sox batting - Pitching for Savannah Hogs : RHP William Gallegos | Batting: RHB Glen MacDonald | 0-0: Swinging Strike 0-1: Called Strike 0-2: Strikes out swinging | Batting: LHB Francisco Romo | 0-0: Called Strike 0-1: Ground out 6-3 (Groundball, 6M) | Batting: RHB Bobby Hulsey | 0-0: Ball 1-0: Foul Ball, location: 2F 1-1: Ball 2-1: Ball 3-1: Called Strike 3-2: Strikes out swinging | Top of the 8th over - 0 runs, 0 hits, 0 errors, 0 left on base; Montgomery 4 - Savannah 2 | BOTTOM OF THE 8TH |
---|
Savannah Hogs batting - Pitching for Montgomery Grey Sox : LHP Raúl Coranillo | Batting: RHB Rick Holman | 0-0: Foul Ball, location: 2F 0-1: Swinging Strike 0-2: Ball 1-2: Strikes out swinging, 2-3 out at first. | Batting: RHB Jorge Chávez | 0-0: Fly out, F7 (Line Drive, 7) | Batting: RHB Pedro Sandoval | 0-0: Foul Ball, location: 2F 0-1: Called Strike 0-2: Ball 1-2: Fly out, F4 (Popup, 13) | Bottom of the 8th over - 0 runs, 0 hits, 0 errors, 0 left on base; Montgomery 4 - Savannah 2 | TOP OF THE 9TH |
---|
Montgomery Grey Sox batting - Pitching for Savannah Hogs : RHP William Gallegos | Batting: LHB Aaron Thompson | 0-0: Called Strike 0-1: Called Strike 0-2: Strikes out swinging | Batting: RHB António Nevárez | 0-0: Ball 1-0: Foul Ball, location: 2F 1-1: Foul Ball, location: 2F 1-2: Fly out, F8 (Flyball, 8RD) | Batting: LHB Salvador López | 0-0: Ball 1-0: Called Strike 1-1: Foul Ball, location: 2F 1-2: Fly out, F8 (Flyball, 89S) | Top of the 9th over - 0 runs, 0 hits, 0 errors, 0 left on base; Montgomery 4 - Savannah 2 | BOTTOM OF THE 9TH |
---|
Savannah Hogs batting - Pitching for Montgomery Grey Sox : LHP Raúl Coranillo | Pitching: RHP Carlos Castillo | | Batting: RHB Júlio Contreras | 0-0: Called Strike 0-1: Ball 1-1: Ball 2-1: Swinging Strike 2-2: Foul Ball, location: 2F 2-2: Strikes out swinging | Batting: RHB Ramón Gómez | 0-0: Called Strike 0-1: Ball 1-1: Foul Ball, location: 2F 1-2: Ball 2-2: Ball 3-2: Strikes out swinging | Batting: RHB Pedro Zavala | 0-0: Ball 1-0: Foul Ball, location: 2F 1-1: Ball 2-1: Swinging Strike 2-2: Strikes out swinging | Bottom of the 9th over - 0 runs, 0 hits, 0 errors, 0 left on base; Montgomery 4 - Savannah 2 | |